 Dungeon Crawl Stone Soup version 0.18.1-5-g4a78601 (webtiles) character file.

31285 Etesian the Unseen (level 13, -24/57 HPs)
             Began as a Spriggan Assassin on May 13, 2016.
             Was the Champion of Okawaru.
             Killed from afar by Josephine (32 damage)
             ... with a ghostly fireball
             ... on level 5 of the Lair of Beasts.
             The game lasted 01:56:52 (30686 turns).

Etesian the Unseen (Spriggan Assassin)             Turns: 30686, Time: 01:56:53

Health: -24/57     AC:  5    Str:  7    XL:     13   Next: 25%
Magic:  15/15      EV: 37    Int: 14    God:    Okawaru [******]
Gold:   1427       SH:  0    Dex: 21    Spells: 3 memorised, 5 levels left

rFire  + . .     SeeInvis +     a - +1 dagger (venom)
rCold  + . .     Gourm    .     K - +2 robe {rC+ rF+}
rNeg   . . .     Faith    .     (shield restricted)
rPois  +         Spirit   .     (helmet restricted)
rElec  .         Dismiss  .     F - +0 cloak {rPois}
rCorr  .         Reflect  .     (gloves unavailable)
SustAt .         Harm     .     (boots unavailable)
MR     ++...                    (no amulet)
Stlth  +++++++++.               p - ring of flight
                                H - +2 ring of evasion

@: repel missiles, very quick, very resistant to hostile enchantments,
incredibly stealthy
A: unfitting armour, repulsion field 1, see invisible, herbivore 3, speed 3,
slow metabolism 2
a: Heroism, Finesse, Renounce Religion, Evoke Flight


You were on level 5 of the Lair of Beasts.
You worshipped Okawaru.
Okawaru was exalted by your worship.
You were not hungry.

You visited 3 branches of the dungeon, and saw 15 of its levels.
You also visited: Bailey.

You collected 1586 gold pieces.
You spent 159 gold pieces at shops.

Inventory:

Hand Weapons
 a - a +1 dagger of venom (weapon)
 b - a +4 blowgun
 Q - a +4 dagger of protection
Missiles
 e - 65 poisoned needles
 f - 18 curare-tipped needles
 B - 25 tomahawks of returning (quivered)
 I - 11 needles of confusion
 N - 4 steel tomahawks
 O - 12 needles of sleeping
Armour
 F - a +0 cloak of poison resistance (worn)
 K - a +2 robe of resistance (worn)
Jewellery
 d - an uncursed ring of sustain attributes
 p - a ring of flight (right hand)
 v - an uncursed amulet of regeneration {unknown}
 H - a +2 ring of evasion (left hand)
Wands
 c - a wand of acid (6/15)
 h - a wand of paralysis (5/24)
 y - a wand of flame (8/48)
Scrolls
 j - 6 scrolls of recharging
 n - 10 scrolls of fear
 q - a scroll of enchant armour
 s - 3 scrolls of enchant weapon
 u - 11 scrolls of amnesia
 w - 3 scrolls of teleportation
 L - 2 scrolls of magic mapping
 M - 3 scrolls of remove curse
Potions
 i - 2 potions of flight
 k - 3 potions of agility
 m - 2 potions of brilliance
 o - 3 potions of curing
 r - 2 potions of magic
 t - 3 potions of lignification
 x - a potion of haste {unknown}
 z - a potion of might {unknown}
 A - a potion of heal wounds
 D - a potion of mutation {unknown}
 E - a potion of cure mutation {unknown}
Books
 P - Sif Muna's Grimoire of Good Luck and Ice
   (You found it on level 4 of the Lair of Beasts)

   Spells                             Type                      Level
   a - Shroud of Golubria             Charms/Translocation         2
   b - Ozocubu's Armour               Charms/Ice                   3
   c - Regeneration                   Charms/Necromancy            3
   d - Ice Form                       Ice/Transmutation            4
   e - Bolt of Cold                   Conjuration/Ice              6
Comestibles
 g - 7 bread rations
 C - 8 slices of pizza
 J - 15 royal jellies


   Skills:
 - Level 1.5 Fighting
 + Level 10.8 Short Blades
 - Level 10.1 Throwing
 + Level 14.2 Dodging
 * Level 20.5 Stealth
 * Level 5.7 Charms
 - Level 2.2 Invocations


You had 5 spell levels left.
You knew the following spells:

 Your Spells              Type           Power        Failure   Level  Hunger
a - Dazzling Spray        Conj/Hex       #.......     83%         3    ####...
b - Repel Missiles        Chrm/Air       #.....       17%         2    ###....
c - Shroud of Golubria    Chrm/Tloc      #.........   17%         2    ###....


Dungeon Overview and Level Annotations

Branches:
Dungeon (9/15)             Temple (1/1) D:5            Lair (5/8) D:8
  Swamp (0/4) Lair:5        Snake (0/4) Lair:5
    Orc: D:9-12

Altars:
Ashenzari
Cheibriados
Dithmenos
Elyvilon
Fedhas
Gozag
Kikubaaqudgha
Makhleb
Nemelex Xobeh
Okawaru
Pakellas
Qazlal
Ru
Sif Muna
Trog
Vehumet
Xom
Yredelemnul
Zin
The Shining One

Shops:
D:7 %   D:8 [*   D:9 [

Annotations:
D:4 Strategiusz's ghost, novice HuWn
D:9 exclusion: ice statue
Lair:3 exclusion: downstairs
Lair:5 exclusion: 3 wraiths, Josephine


Innate Abilities, Weirdness & Mutations

You are tiny and cannot use many weapons and most armour.
You have supernaturally acute eyesight.
You are a herbivore.
You cover ground extremely quickly.
You need consume almost no food.
You are surrounded by a mild repulsion field (EV +2).


Message History

You barely miss Josephine. Josephine barely misses you.
You hit Josephine.
Josephine is poisoned.
Josephine is lightly wounded.
You hit Josephine.
Josephine is lightly wounded.
Josephine grinds her teeth.
Josephine points at you and mumbles some strange words.
The ghostly flame explodes!
The ghostly fireball engulfs you!
The ghostly fireball engulfs Josephine.
Josephine partially resists.
You take 20 damage, and have 37/57 hp.
MASSIVE DAMAGE!!
Josephine gestures at you while chanting.
The ghostly flame explodes!
The ghostly fireball engulfs you!
Ouch! That really hurt!
* * * LOW HITPOINT WARNING * * *
The ghostly fireball engulfs the wraith.
You take 29 damage, and have 8/57 hp.
MASSIVE DAMAGE!!
Josephine casts a spell at you.
The ghostly flame explodes!
The ghostly fireball engulfs you!
Ouch! That really hurt!
You die...

.#................P.#
.#..............(.###
##................#
....)..)..........# #
#)##..#..###......# ### #########
####.######.......###.###.##PP.P.
#.#.# ##.....................
##### #......................
#P..W.@..............≈≈
#........)............P
##@..).............PPP≈
##.................PP≈≈
#.......####P.##.≈≈PP♣≈ ##......#
##..P#.#≈P≈♣♣
#.......###.####.PP≈♣♣♣
#..>.....#######≈.P♣♣≈P
##.......## #≈≈.≈P♣♣PP


You could see Josephine and a wraith.

Vanquished Creatures
  Nessos (Lair:5)
  Erolcha (D:9)
  A hydra (Lair:1)
  Sonja (Lair:4)
  A necromancer (Lair:4)
  3 orc knights (Bailey)
  2 griffons
  Joseph (D:7)
  4 black mambas
  A torpor snail (Lair:4)
  7 spiny frogs
  3 rime drakes
  6 komodo dragons
  A queen bee (Lair:3)
  A troll (D:9)
  A giant leech (Lair:5)
  10 blink frogs
  Prince Ribbit (D:9)
  2 wraiths
  A human (D:7)
  Grum (D:9)
  4 basilisks
  19 yaks
  7 hippogriffs
  A swamp worm (Lair:5)
  4 nagas (Lair:5)
  A soldier ant (D:8)
  11 water moccasins
  16 porcupines
  An ice beast (D:8)
  3 orc warriors (Bailey)
  4 sky beasts
  20 wolves
  2 phantoms
  An ogre (D:9)
  3 centaurs
  A big kobold (D:9)
  12 crocodiles
  18 giant frogs
  A komodo dragon zombie (Lair:4)
  2 scorpions
  24 killer bees (Lair:3)
  9 wights
  A howler monkey (D:7)
  5 electric eels
  2 crimson imps
  4 hounds
  3 jellies
  An orc priest (D:4)
  A gnoll shaman (D:5)
  9 iguanas
  2 orc wizards
  Jessica (D:2)
  Natasha (twice) (D:2)
  8 worker ants
  9 sheep
  A crocodile zombie (Lair:4)
  14 gnolls
  A howler monkey skeleton (D:4)
  11 adders
  56 river rats
  2 shadow imps
  4 oozes
  5 worms
  9 dart slugs (D:4)
  4 giant geckos
  13 orcs
  13 bats
  7 giant cockroaches
  9 goblins
  9 hobgoblins
  10 jackals
  A quokka (D:3)
  3 ball pythons
  9 giant newts
  29 kobolds
  9 rats
  2 fungi
  3 plants
486 creatures vanquished.

Vanquished Creatures (others)
  A lightning spire (D:5)
  3 bushes (D:5)
  9 fungi
  6 plants
  3 withered plants (D:4)
22 creatures vanquished.

Grand Total: 508 creatures vanquished

Notes
Turn   | Place    | Note
--------------------------------------------------------------
     0 | D:1      | Etesian the Spriggan Assassin began the quest for the Orb.
     0 | D:1      | Reached XP level 1. HP: 10/10 MP: 2/2
    45 | D:1      | Reached skill level 6 in Stealth
   360 | D:1      | Reached XP level 2. HP: 14/14 MP: 3/3
   891 | D:2      | Reached XP level 3. HP: 18/18 MP: 4/4
  1191 | D:2      | Noticed Natasha
  1242 | D:2      | Killed Natasha
  1242 | D:2      | Reached skill level 7 in Stealth
  1242 | D:2      | Reached XP level 4. HP: 22/22 MP: 5/5
  1267 | D:2      | Noticed Jessica
  1280 | D:2      | Killed Jessica
  1651 | D:2      | Found a faded altar to an unknown god.
  1843 | D:2      | Reached XP level 5. HP: 19/25 MP: 6/6
  2094 | D:2      | Noticed Natasha
  2268 | D:2      | Killed Natasha
  2556 | D:2      | Reached skill level 8 in Stealth
  2787 | D:3      | Found a glowing golden altar of the Shining One.
  3336 | D:4      | Reached XP level 6. HP: 30/30 MP: 7/7
  3515 | D:4      | Noticed an ice beast
  3749 | D:4      | Noticed Strategiusz's ghost (novice HuWn)
  3928 | D:4      | Found a radiant altar of Vehumet.
  3956 | D:4      | Reached skill level 9 in Stealth
  4108 | D:4      | Reached skill level 5 in Dodging
  4422 | D:4      | Found an ancient bone altar of Kikubaaqudgha.
  4482 | D:5      | Entered Level 5 of the Dungeon
  4486 | D:5      | Reached XP level 7. HP: 33/33 MP: 8/8
  4554 | D:5      | Found a staircase to the Ecumenical Temple.
  4562 | Temple   | Entered the Ecumenical Temple
  4787 | Temple   | Became a worshipper of Warmaster Okawaru
  4816 | D:5      | Found an oddly glowing altar of Pakellas.
  4817 | D:5      | Noticed a red very ugly thing
  5000 | D:5      | Found an opulent altar of Gozag.
  5000 | D:5      | Found a blossoming altar of Fedhas.
  5062 | D:5      | Reached skill level 1 in Invocations
  5187 | D:5      | Found a shimmering altar of Xom.
  5299 | D:5      | Found a shimmering altar of Xom.
  5551 | D:5      | Reached * piety under Okawaru
  5551 | D:5      | Reached skill level 5 in Short Blades
  5551 | D:5      | Reached skill level 10 in Stealth
  6575 | D:6      | Reached XP level 8. HP: 12/37 MP: 8/10
  6864 | D:6      | Found a deep blue altar of Sif Muna.
  7734 | D:7      | Learned a level 3 spell: Dazzling Spray
  8057 | D:7      | Reached skill level 11 in Stealth
  8915 | D:7      | Noticed Joseph
  8917 | D:7      | Killed Joseph
  8917 | D:7      | Reached ** piety under Okawaru
  8917 | D:7      | Reached skill level 5 in Throwing
  8917 | D:7      | Reached skill level 12 in Stealth
  8917 | D:7      | Reached XP level 9. HP: 41/41 MP: 11/11
  9036 | D:7      | Found Niemeny's Food Boutique.
  9153 | D:8      | Found Iri Peph's Antique Armour Shoppe.
  9177 | D:8      | Found Astri's Assorted Antiques.
  9227 | D:8      | Reached *** piety under Okawaru
  9251 | D:8      | Found a flagged portal.
  9270 | D:8      | Reached skill level 13 in Stealth
  9311 | Bailey   | Entered a bailey
  9518 | Bailey   | Noticed an orc knight
  9519 | Bailey   | Noticed an orc knight
  9759 | Bailey   | Noticed an orc knight
  9764 | Bailey   | Killed an orc knight
  9888 | Bailey   | Killed an orc knight
  9888 | Bailey   | Reached **** piety under Okawaru
  9888 | Bailey   | Received a gift from Okawaru
  9888 | Bailey   | Reached skill level 14 in Stealth
 10021 | Bailey   | Reached XP level 10. HP: 46/46 MP: 12/12
 10213 | Bailey   | Killed an orc knight
 10476 | D:8      | Found a staircase to the Lair.
 11934 | D:8      | Reached skill level 10 in Dodging
 12102 | D:9      | Found Cohaugan's Antique Armour Boutique.
 12118 | D:9      | Bought a distressingly furry robe for 159 gold pieces
 12128 | D:9      | Identified the +3 robe of Fiowyots {rC+ rCorr} (You bought it in a shop on level 9 of the Dungeon)
 12167 | D:9      | Noticed Prince Ribbit
 12271 | D:9      | Noticed Grum
 12490 | D:9      | Found a sparkling altar of Nemelex Xobeh.
 12563 | D:9      | Reached skill level 15 in Stealth
 12836 | D:9      | Noticed Erolcha
 12937 | D:9      | Killed Prince Ribbit
 13220 | D:9      | Killed Grum
 13267 | D:9      | Killed Erolcha
 13267 | D:9      | Received a gift from Okawaru
 13267 | D:9      | Received a gift from Okawaru
 13267 | D:9      | Reached ***** piety under Okawaru
 13449 | D:9      | Reached skill level 16 in Stealth
 13647 | D:9      | Noticed an ice statue
 13780 | Lair:1   | Entered Level 1 of the Lair of Beasts
 13826 | Lair:1   | Received a gift from Okawaru
 13849 | Lair:1   | Learned a level 2 spell: Repel Missiles
 14079 | Lair:1   | Reached XP level 11. HP: 31/49 MP: 13/13
 15281 | Lair:1   | Noticed a five-headed hydra
 16492 | Lair:1   | Received a gift from Okawaru
 16558 | Lair:1   | Killed a five-headed hydra
 16558 | Lair:1   | Reached skill level 17 in Stealth
 16864 | Lair:1   | Received a gift from Okawaru
 17929 | Lair:2   | Gained mutation: You are surrounded by a mild repulsion field (EV +2). [potion of beneficial mutation]
 20021 | Lair:3   | Reached skill level 10 in Short Blades
 20085 | Lair:2   | Noticed a six-headed hydra
 20314 | Lair:3   | Reached XP level 12. HP: 33/53 MP: 14/14
 20335 | Lair:3   | Reached skill level 18 in Stealth
 20591 | Lair:3   | Received a gift from Okawaru
 23782 | Lair:4   | Received a gift from Okawaru
 23964 | Lair:3   | Reached skill level 19 in Stealth
 24406 | Lair:4   | Reached skill level 10 in Throwing
 24429 | Lair:4   | Reached ****** piety under Okawaru
 24567 | Lair:4   | Noticed Sonja
 24601 | Lair:4   | Killed Sonja
 25614 | Lair:4   | Identified Sif Muna's Grimoire of Good Luck and Ice
 25618 | Lair:4   | Learned a level 2 spell: Shroud of Golubria
 25721 | Lair:4   | Reached skill level 1 in Charms
 26085 | Lair:4   | Received a gift from Okawaru
 26350 | Lair:4   | Received a gift from Okawaru
 26941 | Lair:5   | Noticed Nessos
 27034 | Lair:4   | Reached skill level 20 in Stealth
 27199 | Lair:5   | Found a staircase to the Snake Pit.
 27451 | Lair:5   | Reached XP level 13. HP: 43/57 MP: 15/15
 27507 | Lair:5   | Killed Nessos
 28164 | Lair:5   | Noticed Josephine
 28521 | Lair:5   | Found a staircase to the Swamp.
 28825 | Lair:5   | Reached skill level 5 in Charms
 30352 | Lair:3   | Received a gift from Okawaru
 30686 | Lair:5   | Killed from afar by Josephine

Skill      XL: |  1  2  3  4  5  6  7  8  9 10 11 12 13 |
---------------+----------------------------------------+-----
Stealth        | 6 7 8 9 10 12 14 16 17 20 | 20.5
Dodging        | 2 3 4 5 6 7 9 11 12 13 14 | 14.2
Short Blades   | 3 4 5 6 7 8 10 | 10.8
Throwing       | 3 5 6 7 9 10 | 10.1
Invocations    | 1 2 |  2.2
Charms         | 3 5 |  5.7
Fighting       | |  1.5

Action                   |  1- 3 |  4- 6 |  7- 9 | 10-12 | 13-15 || total
-------------------------+-------+-------+-------+-------+-------++-------
Melee: Dagger            |    98 |   158 |   322 |  1650 |   337 ||  2565
       Punch             |       |       |     1 |     1 |       ||     2
 Fire: Blowgun           |    12 |    42 |    57 |    28 |    19 ||   158
Throw: Tomahawk          |       |       |   135 |   177 |    60 ||   372
       Throwing net      |       |       |     1 |     1 |     2 ||     4
 Cast: Repel Missiles    |       |       |       |     2 |     2 ||     4
       Shroud of Golubri |       |       |       |     3 |     6 ||     9
Invok: Heroism           |       |       |     2 |     1 |       ||     3
 Abil: Evoke Flight      |       |       |     2 |     3 |       ||     5
Evoke: Wand              |       |       |       |     4 |     1 ||     5
  Use: Scroll            |     2 |     9 |     6 |     8 |       ||    25
       Potion            |       |       |       |     1 |     1 ||     2
 Stab: Sleeping          |    11 |    22 |    17 |    58 |     1 ||   109
       Distracted        |     1 |     2 |     4 |    11 |     2 ||    20
       Held in net/web   |       |       |       |     1 |       ||     1
       Paralysed         |       |       |       |       |     1 ||     1
  Eat: Fruit             |       |       |     1 |       |       ||     1
       Bread ration      |       |       |     1 |     3 |     1 ||     5
       Pizza             |       |       |       |       |     1 ||     1
Armor: Robe              |    19 |    13 |    16 |    38 |     3 ||    89
Dodge: Dodged            |    85 |    75 |   264 |  1267 |   224 ||  1915
       Deflected         |       |       |       |     3 |     2 ||     5
